 Dungeon Crawl Stone Soup version 0.30-a0-457-g4b7bca3bfa (webtiles) character file.

Game seed: 8129554975474063680

623 McMuffin the Caller (level 7, -10/50 HPs)
             Began as a Demonspawn Wanderer on Dec 12, 2022.
             Was a Follower of Dithmenos.
             Killed from afar by an oklob plant (21 damage)
             ... with a splash of acid
             ... created by the enmity of Fedhas Madash
             ... on level 3 of the Dungeon.
             The game lasted 00:14:20 (3946 turns).

McMuffin the Caller (Demonspawn Wanderer)           Turns: 3946, Time: 00:14:20

Health: -10/50     AC:  7    Str: 12    XL:     7   Next: 22%
Magic:  11/11      EV: 10    Int: 16    God:    Dithmenos [*.....]
Gold:   218        SH:  0    Dex: 18    Spells: 11/12 levels left

rFire   . . .      SeeInvis .    p - +9 flail "Copeq" {vorpal, +Blink Dex+6}
rCold   + . .      Faith    .    A - orb {*channel}
rNeg    . . .      Spirit   .    b - +0 scale mail
rPois   .          Reflect  .    C - +0 helmet
rElec   .          Harm     .    (no cloak)
rCorr   .          Rampage  .    (no gloves)
Will    .....                    (no boots)
Stlth   +.........               (no amulet)
HPRegen 0.28/turn                v - ring of protection from cold
MPRegen 0.12/turn                (no ring)

@: wreathed by umbra
A: foul stench 2, sturdy frame 1
a: Renounce Religion, Evoke Blink


You were on level 3 of the Dungeon.
You worshipped Dithmenos.
Dithmenos was aware of your devotion.
You visited 2 branches of the dungeon, and saw 6 of its levels.

You collected 218 gold pieces.

Inventory:

Hand Weapons
 a - a +0 club
 e - a +0 short sword
 i - a +0 long sword
 l - a +0 rapier
 p - the +9 flail "Copeq" (weapon) {vorpal, +Blink Dex+6}
   (You found it on level 2 of the Dungeon)

   It inflicts extra damage upon your enemies.
   Dex:       It affects your dexterity (+6).
   +Blink:    It lets you blink.
Armour
 b - a +0 scale mail (worn)
 A - an orb of energy (worn)
 C - a +0 helmet (worn)
Jewellery
 v - a ring of protection from cold (left hand)
Wands
 q - a wand of digging (5)
 y - a wand of polymorph (7)
 B - a wand of roots (10)
 F - a wand of paralysis (12)
Scrolls
 g - 2 scrolls of identify {unknown}
 j - a scroll of blinking {unknown}
 m - 2 scrolls of noise {unknown}
 r - 2 scrolls of enchant armour {unknown}
 t - a scroll of enchant weapon {unknown}
 x - a scroll of torment {unknown}
 z - a scroll of poison {unknown}
Potions
 c - 2 potions of berserk rage
 d - 2 potions of attraction
 f - 3 potions of degeneration {unknown}
 h - a potion of magic {unknown}
 k - 2 potions of brilliance {unknown}
 n - a potion of invisibility {unknown}
 o - 3 potions of curing {unknown}
 s - 2 potions of resistance {unknown}
 u - a potion of cancellation {unknown}
 w - 3 potions of mutation {unknown}
 D - a potion of haste {unknown}
 E - a potion of might {unknown}


   Skills:
 + Level 2.0 Fighting
 + Level 1.4 Long Blades
 + Level 2.8 Maces & Flails
 + Level 1.0 Throwing
 + Level 3.0 Armour
 + Level 1.6 Dodging
 + Level 0.2 Stealth
 + Level 0.5 Unarmed Combat
 + Level 3.2 Spellcasting
 + Level 5.4 Summonings
 + Level 1.0 Evocations


You had 11 spell levels left.
You knew the following spells:

 Your Spells              Type           Power      Damage    Failure   Level
a - Summon Small Mammal   Summ           76%        N/A       5%          1

Your spell library contained the following spells:

 Spells                   Type           Power      Damage    Failure   Level
 Summon Guardian Golem    Hex/Summ       11%        N/A       45%         3
 Ensorcelled Hibernation  Hex/Ice        4%         N/A       61%         2
 Spider Form              Tmut/Pois      2%         N/A       83%         3
 Summon Ice Beast         Ice/Summ       11%        N/A       86%         4
 Anguish                  Hex/Necr       1%         N/A       99%         4


Dungeon Overview and Level Annotations

Branches:
Dungeon (5/15)             Temple (1/1) D:5

Altars:
Cheibriados
Dithmenos
Fedhas
Kikubaaqudgha
Qazlal
Ru
Trog
Uskayaw
Wu Jian
Yredelemnul

Annotations:
D:3 exclusion: 2 oklob plants, Ijyb


Innate Abilities, Weirdness & Mutations

You sometimes emit foul miasma when damaged in melee.
Your movements are slightly less encumbered by armour. (ER -2)


Message History

Robin is severely wounded.
Your quokka barely misses Robin.
Robin hits you with a +0 spear.
You emit a cloud of foul miasma!
Your rat bites Robin.
Your quokka barely misses Robin.
Robin is engulfed in dark miasma.
Robin is poisoned.
Robin hits your rat with a +0 spear.
You sock Robin!
You kill Robin!
Dithmenos accepts your kill.
Your Fighting skill increases to level 2!
Items here: ) [[ †.
Okay, then.
Magic restored.
Found a stone staircase leading down.
Plants grow around you in an ominous manner.
Marking area around 2 oklob plants as unsafe for travelling. 2 oklob plants come into view.
Your rat bites the oklob plant.
Marking area around 2 oklob plants as unsafe for travelling.
Your quokka bites the oklob plant but does no damage.
Your rat bites the oklob plant but does no damage.
Your quokka bites the oklob plant but does no damage.
The oklob plant spits acid at you. The splash of acid hits your rat!
The acid corrodes your rat!
Your rat dies!
Your rat's corpse disappears in a puff of smoke!
The oklob plant spits acid at you. The splash of acid hits your quokka!!
The acid corrodes your quokka!
Your quokka dies!
Your quokka's corpse disappears in a puff of smoke!
The oklob plant spits acid at you. The splash of acid hits you!!
Ouch! That really hurt!
The oklob plant spits acid at you. The splash of acid misses you.
The oklob plant spits acid at you. The splash of acid hits you!
* * * LOW HITPOINT WARNING * * *
The oklob plant spits acid at you. The splash of acid hits you!!
You die...

....# #'###.# ....# #...#.#
###### ....# ####.#.####....#
....# ##....8.'.##....#
.#..#####._.#####.##....#
###.'P8...P##...#.##...f#
###.#.####............#
#.#...#.............#
#####.###'#.....@..#....###
....#.....#......[.'.Pf.P...>.
...########.......<#....###...
##..## #.......)......# .
..#..#### #...))#........#
.[##....# #.)...##.......#
..##....###.....###......#
..##.#.....†...........###
..##.##.....#########..#


You could see an oklob plant and 2 wandering mushrooms.

Vanquished Creatures
  Sigmund (D:3)
  A scorpion (D:4)
  A howler monkey (D:5)
  4 hounds
  Jessica (D:2)
  2 orc wizards
  Robin (D:3)
  5 adders
  3 worms
  A dart slug (D:2)
  13 orcs
  9 bats
  3 endoplasms
  6 giant cockroaches
  14 goblins
  5 hobgoblins
  4 kobolds
  2 quokkas
  4 ball pythons
  2 frilled lizards
  6 rats
88 creatures vanquished.

Vanquished Creatures (collateral kills)
  An orc (D:3)
  3 bats
  2 endoplasms
  5 goblins
  2 hobgoblins (D:2)
  3 ball pythons
  A frilled lizard (D:1)
  3 kobolds
  A rat (D:2)
21 creatures vanquished.

Vanquished Creatures (others)
  4 toadstools (D:5)
4 creatures vanquished.

Grand Total: 113 creatures vanquished

Notes
Turn   | Place    | Note
-------+----------+-------------------------------------------
     0 | D:1      | McMuffin the Demonspawn Wanderer began the quest for the
                  | Orb.
     0 | D:1      | McMuffin set off with the following items: a +0 club, a +0
                  | scale mail, a potion of berserk rage, a potion of
                  | attraction; and the following spell memorised: Summon Small
                  | Mammal; and the following spells available to memorise:
                  | Summon Guardian Golem, Summon Ice Beast.
     0 | D:1      | Reached XP level 1. HP: 15/15 MP: 2/2
   291 | D:1      | Gained mutation: You may rarely emit foul miasma when
                  | damaged in melee. [demonic ancestry]
   291 | D:1      | Reached XP level 2. HP: 21/21 MP: 0/3
   968 | D:2      | Reached XP level 3. HP: 24/26 MP: 1/5
  1310 | D:2      | Identified the +9 flail "Copeq" {vorpal, +Blink Dex+6}
  1392 | D:2      | Noticed Jessica
  1398 | D:2      | Killed Jessica
  1399 | D:2      | Reached skill level 1 in Long Blades
  1653 | D:2      | Gained mutation: You sometimes emit foul miasma when
                  | damaged in melee. [demonic ancestry]
  1653 | D:2      | Reached XP level 4. HP: 31/32 MP: 3/6
  2230 | D:3      | Reached XP level 5. HP: 27/37 MP: 5/8
  2410 | D:3      | Noticed Sigmund
  2430 | D:3      | Killed Sigmund
  2431 | D:3      | Reached skill level 1 in Maces & Flails
  2431 | D:3      | Reached skill level 5 in Summonings
  2431 | D:3      | Reached XP level 6. HP: 31/43 MP: 5/10
  2496 | D:3      | Found a faded altar of an unknown god.
  2550 | D:3      | Prayed at the altar of an unknown god.
  2550 | D:3      | Became a worshipper of Fedhas Madash
  2550 | D:3      | Reached * piety under Fedhas
  2584 | D:3      | Noticed Ijyb
  2704 | D:3      | You fall into a shaft and drop 2 floors!
  2704 | D:5      | Entered Level 5 of the Dungeon
  2704 | D:5      | Found a hide-covered altar of Uskayaw.
  2873 | D:5      | Found a staircase to the Ecumenical Temple.
  2882 | Temple   | Entered the Ecumenical Temple
  2986 | Temple   | Fell from the grace of Fedhas
  2986 | Temple   | Became a worshipper of Dithmenos the Shadowed
  3212 | D:4      | Gained mutation: Your movements are slightly less
                  | encumbered by armour. (ER -2) [demonic ancestry]
  3212 | D:4      | Reached XP level 7. HP: 49/49 MP: 11/11
  3767 | D:4      | Noticed a wandering mushroom
  3767 | D:4      | Noticed a wandering mushroom
  3767 | D:4      | Noticed a wandering mushroom
  3807 | D:3      | Reached * piety under Dithmenos
  3911 | D:3      | Noticed Robin
  3919 | D:3      | Killed Robin
  3939 | D:3      | Noticed a wandering mushroom
  3939 | D:3      | Noticed an oklob plant
  3939 | D:3      | Noticed an oklob plant
  3939 | D:3      | Noticed a wandering mushroom
  3946 | D:3      | Killed from afar by an oklob plant

Illustrated notes

Levels and vault maps discovered:
D:1:      dpeg_arrival_refuge, layout_loops_ring, minmay_misc_feat_cross,
          skrybe_limestone_x
D:2:      minmay_recursive_quarters, layout_loops_corners,
          kennysheep_generic_room_7, uniq_jessica
D:3:      layout_basic, shapermc_ecumenical_altar_ellora,
          kennysheep_nondescript, minmay_cut_off, uniq_ijyb, uniq_robin,
          uniq_sigmund
D:4:      layout_rooms, mainiacjoe_overflow_small_starburst, lemuel_doored_altar
D:5:      layout_basic, lemuel_crystal_altar, minmay_temple_entry_junction,
          gup_sewer_entry_glass, eino_small_chamber_without_monster,
          minmay_gold_behind_fungi, glass_columns_a,
          chequers_serial_rivers_micro_c
Temple:   nicolae_temple_colour_theory

Skill      XL: |  1  2  3  4  5  6  7 |
---------------+----------------------+-----
Long Blades    | 1 |  1.4
Spellcasting   | 2 3 |  3.2
Maces & Flails | 1 2 |  2.8
Armour         | 2 3 |  3.0
Summonings     | 5 |  5.4
Fighting       | 2 |  2.0
Throwing       | |  1.0
Dodging        | |  1.6
Stealth        | |  0.2
Unarmed Combat | |  0.5
Evocations     | |  1.0

Action                   |  1- 3 |  4- 6 |  7- 9 || total
-------------------------+-------+-------+-------++-------
Melee: Club              |    19 |       |       ||    19
       Short sword       |     7 |       |       ||     7
       Long sword        |    63 |       |       ||    63
       Flail             |     3 |    90 |    16 ||   109
       Unarmed           |       |     1 |       ||     1
 Cast: Summon Small Mamm |    35 |    24 |    10 ||    69
Armor: Scale mail        |    68 |    56 |     7 ||   131
Dodge: Dodged            |    58 |    44 |     6 ||   108

Table legend: (Time is in decaauts)
 A = Elapsed time spent in this place.
 B = Non-inter-level travel time spent in this place.
 C = Inter-level travel time spent in this place.
 D = Time resting spent in this place.
 E = Time spent auto-exploring this place.
 F = Levels seen in this place.
 G = Mean time per level.
                   A        B        C        D        E       F      G
               +--------+--------+--------+--------+--------+-----+--------+
         Total |   4010 |   3998 |     12 |    236 |   2763 |   6 |  668.3 |
       Dungeon |   3892 |   3880 |     12 |    236 |   2714 |   5 |  778.4 |
        Temple |    117 |    117 |      0 |      0 |     49 |   1 |  117.0 |
               +--------+--------+--------+--------+--------+-----+--------+

Top non-repeatable levels by time:
     D:2: 1337 daAuts
     D:1: 962 daAuts
     D:3: 609 daAuts
     D:4: 597 daAuts
     D:5: 387 daAuts
  Temple: 117 daAuts
